 Dungeon Crawl Stone Soup version 0.27-a0-1217-g8a41f320e8 (webtiles) character file.

Game seed: 7324282659447396374

1698 Ge0ff the Covert (level 8, 0/42 HPs)
             Began as a Spriggan Delver on June 5, 2021.
             Slain by a vampire mosquito (10 damage)
             ... on level 7 of the Dungeon.
             The game lasted 00:13:21 (8996 turns).

Ge0ff the Covert (Spriggan Delver)                  Turns: 8996, Time: 00:13:22

Health: 0/42       AC:  2    Str:  8    XL:     8   Next: 72%
Magic:  9/9        EV: 20    Int: 18    God:
Gold:   276        SH:  7    Dex: 18    Spells: 7/7 levels left

rFire    . . .     SeeInvis +   a - +0 short sword (venom)
rCold    . . .     Faith    .   K - +0 buckler
rNeg     . . .     Spirit   .   I - +0 robe
rPois    .         Reflect  .   (helmet restricted)
rElec    .         Harm     .   (no cloak)
rCorr    .         Rampage  .   (gloves unavailable)
Will     +....                  (boots unavailable)
Stlth    ++++......             R - amulet of the acrobat
HPRegen  0.14/turn              Z - +6 ring of intelligence
MPRegen  0.11/turn              (no ring)

@: very quick
A: very small, no large weapons, unfitting armour, see invisible, speed 3
a: no special abilities


You were on level 7 of the Dungeon.
You visited 1 branch of the dungeon, and saw 7 of its levels.

You collected 276 gold pieces.

Inventory:

Hand Weapons
 a - a +0 short sword of venom (weapon)
 b - a +0 short sword of protection
 L - a +0 rapier
 S - a +1 falchion of flaming
Missiles
 v - 6 curare-tipped darts {=f}
 Q - 5 boomerangs (quivered)
 V - 8 poisoned darts
Armour
 I - a +0 robe (worn)
 K - a +0 buckler (worn)
Jewellery
 R - an amulet of the acrobat (around neck)
 Y - a ring of fire
 Z - a +6 ring of intelligence (left hand)
Wands
 d - a wand of digging (3)
Scrolls
 m - a scroll of magic mapping
 B - 2 scrolls of blinking
 E - a scroll of fear
 F - a scroll of fog
 H - a scroll of silence {unknown}
 J - 3 scrolls of enchant weapon
Potions
 M - a potion of might
 N - a potion of brilliance {unknown}
 O - a potion of cancellation {unknown}
 P - 3 potions of curing {unknown}
 T - a potion of heal wounds {unknown}
 U - 2 potions of flight {unknown}
 W - a potion of attraction {unknown}
 X - a potion of mutation {unknown}


   Skills:
 - Level 4.0 Fighting
 + Level 7.2 Short Blades
 + Level 3.9 Throwing
 + Level 6.0 Dodging
 + Level 9.7 Stealth
 + Level 2.9 Shields


You had 7 spell levels left.
You didn't know any spells.
Your spell library was empty.

Dungeon Overview and Level Annotations

Branches:
Dungeon (7/15)
 Temple: D:4-7

Altars:
Gozag

Shops:
D:5 !

Portals:
Ossuary: D:7

Annotations:
D:3 qborf's ghost, amateur DsGl
D:5 dig, DEFE's ghost, novice DjGl
D:7 2 transporters, Nico3ck's ghost, novice DsGl


Innate Abilities, Weirdness & Mutations

You are very small and have problems with some larger weapons.
You are too small for most types of armour.
You have supernaturally acute eyesight. (SInv)
You cover ground extremely quickly. (Speed+++)


Message History

Found a rapier.
There is an open door here.
Found a scroll of magic mapping.
You see here a +0 rapier.
L - a +0 rapier You feel yourself slow down.
m - a scroll of magic mapping You open the door.
There is an open door here.
A centaur comes into view.
The centaur shouts!
The centaur wields a +0 shortbow.
The centaur shoots an arrow.
The arrow hits you!
* * * LOW HITPOINT WARNING * * *
Found a leather armour, an embroidered cloak and 12 gold pieces.
Found a transporter.
Nico3ck's ghost turns its malevolent gaze towards you.
You hear an angry buzzing noise. x2
The moth of wrath's fur bristles in rage as it notices you.
You hear an angry hiss.
Found 2 fuming dark potions.
Found a scroll labelled FUTSOP VIWEWK. 3 vampire mosquitoes come into view.
Found a transporter.
A jelly comes into view.
The killer bee buzzes angrily.
You block the vampire mosquito's attack.
You see here a scroll labelled FUTSOP VIWEWK.
H - a scroll labelled FUTSOP VIWEWK You block the vampire mosquito's attack.
A hornet comes into view.
The vampire mosquito completely misses you.
You block the vampire mosquito's attack.
You block the vampire mosquito's attack.
The vampire mosquito misses you.
You block the vampire mosquito's attack.
You open the door.
The vampire mosquito closely misses you.
The vampire mosquito bites you.
The vampire mosquito draws strength from your injuries!
There is an open door here.
You feel a little less mighty now.
Found a sand-covered staircase.
You block the vampire mosquito's attack.
There is a sand-covered staircase here.
The vampire mosquito bites you.
* * * LOW HITPOINT WARNING * * *
The vampire mosquito draws strength from your injuries!
The vampire mosquito bites you!
You die...

**,,,,*....,,* #....#+*****,****
+,,,,,+......* #....#,,,,,,,,,,,
*,,,,,*......# #....#,,,,,,,,,,,
*,,,,,*......# #....#,,,,,,,,,,,
*,,,,,*......# #....#,,,,,,,,,,,
*****+*,.....####....#######**+**
*,*,,,,,***#................,,,,,
,,*,,,,,#y,#...###..........,,,,,
,,*,,,,,*.,#...#@#..y.......,,,,,
*+*,,,,,*#.#.###y###........,,,,,
,,,,,#+###.#.#..y..'.###+####,,,,
,,,,,#.......###.###..+.....#,,,,
,,,,,+.........#.#....#....y#,,,,
,,,,,##.###....###....#.....#,,,,
,,****#***##.........##.....#,,,,
,,*,,,,,,,+.................+,,,,
,,+,,,,,,,#.................#,,,,


You could see 2 vampire mosquitoes.

Vanquished Creatures
  Pikel (D:4)
  Grinder (D:6)
  A vampire (D:6)
  4 ogres
  3 lemures
  A scorpion (D:5)
  A hound (D:5)
  A centaur skeleton (D:4)
  2 orc priests
  A jelly (D:5)
  An iguana (D:4)
  Natasha (thrice) (D:2)
  A scorpion simulacrum (D:3)
  A hound skeleton (D:5)
  9 adders
  6 gnolls
  A worm (D:4)
  An adder simulacrum (D:3)
  21 orcs
  3 ball pythons (D:2)
  3 endoplasms
  A giant cockroach (D:2)
  A goblin (D:1)
  7 hobgoblins
  8 jackals
  11 kobolds
  4 quokkas
  A ball python simulacrum (D:3)
  5 bats
  2 frilled lizards (D:2)
  A giant cockroach simulacrum (D:3)
  3 rats
  4 bushes (D:2)
114 creatures vanquished.

Vanquished Creatures (others)
  9 plants (D:2)
9 creatures vanquished.

Grand Total: 123 creatures vanquished

Notes
Turn   | Place    | Note
-------+----------+-------------------------------------------
     0 | D:5      | Ge0ff the Spriggan Delver began the quest for the Orb.
     0 | D:5      | Reached XP level 1. HP: 11/11 MP: 2/2
     3 | D:6      | Noticed an orc warrior
     3 | D:6      | Noticed a vampire
     5 | D:6      | Noticed an orc wizard
    60 | D:5      | Noticed an ogre
    76 | D:5      | Reached XP level 2. HP: 16/16 MP: 3/3
   116 | D:5      | Found an opulent altar of Gozag.
   175 | D:5      | Noticed an acid dragon
   175 | D:5      | Noticed a yak
   205 | D:5      | Reached XP level 3. HP: 20/20 MP: 4/4
   265 | D:5      | Found Seol's Distillery.
   277 | D:5      | Noticed an ogre
   284 | D:5      | Noticed a scorpion
   303 | D:4      | Reached XP level 4. HP: 8/24 MP: 5/5
   707 | D:2      | Reached skill level 5 in Short Blades
   874 | D:2      | Reached XP level 5. HP: 25/28 MP: 6/6
  1201 | D:1      | Found a faded altar of an unknown god.
  2729 | D:2      | Noticed Natasha
  2736 | D:2      | Killed Natasha
  2805 | D:2      | Noticed Natasha
  2813 | D:2      | Killed Natasha
  2814 | D:2      | Reached XP level 6. HP: 24/32 MP: 7/7
  3085 | D:2      | Noticed Natasha
  3094 | D:2      | Killed Natasha
  4151 | D:3      | Reached skill level 1 in Throwing
  4793 | D:3      | Found a runed translucent gate.
  4794 | D:3      | Found a runed translucent gate.
  4795 | D:3      | Found a runed translucent gate.
  4828 | D:3      | Noticed qborf's ghost (amateur DsGl)
  5546 | D:3      | Reached skill level 1 in Shields
  5866 | D:4      | Noticed Pikel
  5888 | D:4      | Reached skill level 8 in Stealth
  6765 | D:4      | Reached XP level 7. HP: 21/36 MP: 8/8
  6955 | D:4      | Killed Pikel
  7790 | D:5      | Found a transporter.
  7804 | D:4      | Reached XP level 8. HP: 39/42 MP: 9/9
  7839 | D:5      | Noticed DEFE's ghost (novice DjGl)
  7840 | D:5      | Reached skill level 5 in Dodging
  7846 | D:5      | Found a transporter.
  7872 | D:5      | Reached skill level 9 in Stealth
  8882 | D:6      | Noticed Grinder
  8894 | D:6      | Killed Grinder
  8953 | D:7      | Noticed Nico3ck's ghost (novice DsGl)
  8954 | D:7      | Found a transporter.
  8956 | D:7      | Noticed a moth of wrath
  8967 | D:7      | Found a transporter.
  8976 | D:7      | Noticed a hornet
  8993 | D:7      | Found a sand-covered staircase.
  8996 | D:7      | Slain by a vampire mosquito

Illustrated notes

Levels and vault maps discovered:
D:1:      amcnicky_arrival_double_pillar, layout_basic,
          shapermc_ecumenical_altar_starsandcircs, minmay_domino_4
D:2:      cheibrodos_pilgrimage, layout_basic, lexackson_kobold_supper,
          uniq_natasha
D:3:      layout_basic, gammafunk_ghost_icy, kennysheep_generic_room_11
D:4:      layout_basic, serial_bayou_crossing, uniq_pikel
D:5:      layout_cave_pools, lemuel_doored_altar, gammafunk_ghost_smash,
          serial_shops, kennysheep_little_box, glass_columns_a,
          lightli_corner_chamber
D:6:      layout_layer_cave, minmay_temple_entry_offerings, uniq_grinder
D:7:      layout_gridville, grunt_temple_overflow_open,
          gammafunk_ghost_berserking_beasts, nicolae_ossuary_entry_plus,
          uniq_menkaure

Skill      XL: |  1  2  3  4  5  6  7  8 |
---------------+-------------------------+-----
Fighting       | 3 4 |  4.0
Short Blades   | 3 4 5 6 7 |  7.2
Dodging        | 3 4 6 |  6.0
Throwing       | 1 2 3 |  3.9
Shields        | 1 2 |  2.9
Stealth        | 8 9 |  9.7

Action                   |  1- 3 |  4- 6 |  7- 9 || total
-------------------------+-------+-------+-------++-------
Melee: Short sword       |    24 |   472 |   135 ||   631
Throw: Boomerang         |       |     3 |     8 ||    11
Evoke: Wand              |       |     1 |       ||     1
  Use: Scroll            |       |     4 |     5 ||     9
       Potion            |       |       |     2 ||     2
 Stab: Sleeping          |     3 |    12 |     1 ||    16
       Distracted        |       |     1 |       ||     1
Armor: Robe              |     3 |    10 |     5 ||    18
Dodge: Dodged            |    30 |   146 |    98 ||   274
Block: Buckler           |       |    42 |    34 ||    76

Table legend: (Time is in decaauts)
 A = Elapsed time spent in this place.
 B = Non-inter-level travel time spent in this place.
 C = Inter-level travel time spent in this place.
 D = Time resting spent in this place.
 E = Time spent auto-exploring this place.
 F = Levels seen in this place.
 G = Mean time per level.
                   A        B        C        D        E       F      G
               +--------+--------+--------+--------+--------+-----+--------+
         Total |   7122 |   6981 |    141 |     17 |   5502 |   7 | 1017.4 |
       Dungeon |   7122 |   6981 |    141 |     17 |   5502 |   7 | 1017.4 |
               +--------+--------+--------+--------+--------+-----+--------+

Top non-repeatable levels by time:
     D:3: 2587 daAuts
     D:2: 1694 daAuts
     D:5: 1087 daAuts
     D:4: 901 daAuts
     D:1: 766 daAuts
     D:6: 42 daAuts
     D:7: 42 daAuts
